 Dungeon Crawl Stone Soup version 0.25-a0-403-g49d089a (webtiles) character file.

Game seed: 16833515763437792976, levelgen mode: deterministic

101 Birdy the Sneak (level 5, -1/34 HPs)
             Began as a Halfling Assassin on Jan 9, 2020.
             Slain by Natasha (4 damage)
             ... on level 3 of the Dungeon.
             The game lasted 00:03:41 (1982 turns).

Birdy the Sneak (Halfling Assassin)                 Turns: 1982, Time: 00:03:42

Health: -1/34      AC:  3    Str: 12    XL:     5   Next: 4%
Magic:  12/14      EV: 15    Int:  9    God:
Gold:   55         SH:  0    Dex: 17    Spells: 4/4 levels left

rFire    . . .     SeeInvis .   l - +3 dagger (freeze)
rCold    . . .     Gourm    .   (shield restricted)
rNeg     . . .     Faith    +   b - +0 robe
rPois    .         Spirit   .   (no helmet)
rElec    .         Reflect  .   c - +0 cloak
rCorr    .         Harm     .   (no gloves)
MR       .....                  (no boots)
Stlth    +++.......             j - amulet of faith
HPRegen  0.11/turn              m - ring of magical power
MPRegen  0.14/turn              (no ring)

@: no status effects
A: small, mutation resistance 1
a: no special abilities


You were on level 3 of the Dungeon.
You were not hungry.

You visited 1 branch of the dungeon, and saw 3 of its levels.

You collected 55 gold pieces.

Inventory:

Hand Weapons
 l - a +3 dagger of freezing (weapon)
Missiles
 d - 20 poisoned darts (quivered)
Armour
 b - a +0 robe (worn)
 c - a +0 cloak (worn)
Jewellery
 j - an amulet of faith (around neck)
 m - a ring of magical power (left hand)
Scrolls
 g - a scroll of amnesia
 i - 2 scrolls of enchant weapon
 k - a scroll of teleportation
 n - a scroll of remove curse
Comestibles
 f - 2 rations


   Skills:
 - Level 2.0 Fighting
 + Level 3.6 Short Blades
 - Level 2.0 Throwing
 + Level 2.1 Armour
 - Level 2.0 Dodging
 + Level 5.1 Stealth


You had 4 spell levels left.
You didn't know any spells.
Your spell library was empty.

Dungeon Overview and Level Annotations

Branches:
Dungeon (3/15)

Altars:

Annotations:
D:3 Natasha


Innate Abilities, Weirdness & Mutations

You are small and have problems with some larger weapons.
You are somewhat resistant to further mutation.


Message History

You hit the orc wizard but do no damage.
The orc wizard is heavily wounded.
The orc wizard misses you.
You closely miss the orc wizard.
The orc wizard is heavily wounded.
The orc wizard completely misses you. Natasha closely misses you.
You hit the orc wizard. You freeze the orc wizard.
The orc wizard is almost dead.
You barely miss the orc wizard.
The orc wizard is almost dead.
The orc wizard hits you with a +0 dagger.
* * * LOW HITPOINT WARNING * * *
Natasha claws you.
* * * LOW HITPOINT WARNING * * *
You barely miss the orc wizard.
The orc wizard is almost dead.
The orc priest calls upon Beogh to heal the orc wizard.
The orc wizard is healed somewhat.
The orc wizard closely misses you. Natasha claws you.
You die...

#.#+#####.#
#.........#
##.....#####
##.......##
#.........#
+.........+
#.........#
##.......##
##@h...##
##oo.##
##'## #)#
#(# #h# .$.
.....
##.....


You could see an orc priest, an orc wizard and Natasha.

Vanquished Creatures
  3 adders (D:2)
  3 worms (D:2)
  3 leopard geckos
  2 orcs (D:3)
  4 giant cockroaches
  8 goblins
  6 hobgoblins
  4 quokkas (D:2)
  7 bats
  4 frilled lizards
  6 kobolds
  7 rats (D:1)
57 creatures vanquished.

Notes
Turn   | Place    | Note
-------+----------+-------------------------------------------
     0 | D:1      | Birdy the Halfling Assassin began the quest for the Orb.
     0 | D:1      | Reached XP level 1. HP: 14/14 MP: 1/1
   364 | D:1      | Reached XP level 2. HP: 18/19 MP: 2/2
   498 | D:1      | Reached skill level 1 in Armour
   507 | D:1      | Reached XP level 3. HP: 15/24 MP: 3/3
  1247 | D:2      | Reached XP level 4. HP: 29/29 MP: 4/4
  1388 | D:2      | Reached skill level 5 in Stealth
  1884 | D:2      | Reached XP level 5. HP: 34/34 MP: 5/5
  1969 | D:3      | Noticed Natasha
  1982 | D:3      | Slain by Natasha

Levels and vault maps discovered:
D:1:      minmay_arrival_diagonal_passages, layout_rooms, minivault_23
D:2:      layout_loops_corners, minmay_crystal_water
D:3:      layout_loops_corners, chequers_ecumenical_altar_simple, first_ration,
          minmay_curled_crystal, nicolae_qazlal_general_emergency, uniq_natasha,
          uniq_crazy_yiuf_cottage, uniq_sigmund

Skill      XL: |  1  2  3  4 |
---------------+-------------+-----
Fighting       | 2 |  2.0
Armour         | 1 2 |  2.1
Short Blades   | 3 |  3.6
Dodging        | 2 |  2.0
Stealth        | 5 |  5.1
Throwing       | |  2.0

Action                   |  1- 3 |  4- 6 || total
-------------------------+-------+-------++-------
Melee: Dagger            |    94 |    64 ||   158
Throw: Dart              |     5 |     4 ||     9
  Use: Scroll            |     4 |     3 ||     7
 Stab: Sleeping          |     3 |     7 ||    10
       Distracted        |     1 |       ||     1
  Eat: Chunk             |       |     3 ||     3
Armor: Robe              |    13 |    11 ||    24
Dodge: Dodged            |    71 |    37 ||   108

Table legend:
 A = Non-vault XP
 B = Vault XP
 C = Vault XP percentage of total XP
 D = Non-vault monster count
 E = Vault monster count
 F = Vault count percentage of total count
                 A         B        C        D         E       F
            +---------+---------+-------+---------+---------+-------
      Total |     145 |       0 |   0.0 |      57 |       0 |   0.0
            +---------+---------+-------+---------+---------+-------
        D:1 |      47 |       0 |   0.0 |      29 |       0 |   0.0
        D:2 |      92 |       0 |   0.0 |      26 |       0 |   0.0
        D:3 |       6 |       0 |   0.0 |       2 |       0 |   0.0
            +---------+---------+-------+---------+---------+-------
